 Dungeon Crawl Stone Soup version 0.26.1-2-gb8aa6d0cf2 (webtiles) character file.

Game seed: 16214971764603050115

71 Amaterasu the Slinger (level 4, -2/29 HPs)
             Began as a Halfling Hunter on Feb 17, 2021.
             Slain by Crazy Yiuf
             ... wielding a +4 quarterstaff of chaos
              (11 damage)
             ... on level 2 of the Dungeon.
             The game lasted 00:01:56 (1692 turns).

Amaterasu the Slinger (Halfling Hunter)             Turns: 1692, Time: 00:01:56

Health: -2/29      AC:  5    Str: 13    XL:     4   Next: 47%
Magic:  4/4        EV: 14    Int:  9    God:
Gold:   89         SH:  0    Dex: 15    Spells: 3/3 levels left

rFire    . . .     SeeInvis .   a - +1 hunting sling
rCold    . . .     Faith    .   (shield restricted)
rNeg     . . .     Spirit   .   c - +0 leather armour
rPois    +         Reflect  .   (no helmet)
rElec    .         Harm     .   (no cloak)
rCorr    .         Rampage  .   l - +0 pair of gloves
Will     .....                  k - +0 pair of boots
Stlth    ++........             (no amulet)
HPRegen  0.09/turn              j - ring of poison resistance
MPRegen  0.09/turn              (no ring)

@: no status effects
A: small, mutation resistance 1
a: no special abilities


You were on level 2 of the Dungeon.
You visited 1 branch of the dungeon, and saw 2 of its levels.

You collected 89 gold pieces.

Inventory:

Hand Weapons
 a - a +1 hunting sling (weapon)
 b - a +0 short sword
Missiles
 d - 29 sling bullets (quivered ammo)
 e - 78 stones
Armour
 c - a +0 leather armour (worn)
 k - a +0 pair of boots (worn)
 l - a +0 pair of gloves (worn)
Jewellery
 j - a ring of poison resistance (left hand)
Scrolls
 f - a scroll of teleportation {unknown}
 m - a scroll of fog {unknown}
Potions
 g - 2 potions of resistance
 h - a potion of haste
 i - 2 potions of curing


   Skills:
 - Level 1.7 Fighting
 * Level 8.2 Slings
 - Level 2.1 Dodging
 - Level 1.1 Stealth


You had 3 spell levels left.
You didn't know any spells.
Your spell library was empty.

Dungeon Overview and Level Annotations

Branches:
Dungeon (2/15)

Altars:

Annotations:
D:2 Crazy Yiuf


Innate Abilities, Weirdness & Mutations

You are small and have problems with some larger weapons.
You are somewhat resistant to further mutation.


Message History

Press: ? - help, Q - select action, (/) - cycle Shift-Dir - straight line, f/p - Crazy Yiuf
Aim: Crazy Yiuf, wielding a +4 quarterstaff of chaos, wearing a +2 cloak and carrying a wand of digging (5) (almost dead, 68% to hit)
You shoot a sling bullet.
The sling bullet closely misses Crazy Yiuf.
Crazy Yiuf yells, "Ghoul ragdoll meccalolo!"
Crazy Yiuf closely misses you.
Fire: 31 sling bullets
Press: ? - help, Q - select action, (/) - cycle Shift-Dir - straight line, f/p - Crazy Yiuf
Aim: Crazy Yiuf, wielding a +4 quarterstaff of chaos, wearing a +2 cloak and carrying a wand of digging (5) (almost dead, 68% to hit)
You shoot a sling bullet.
The sling bullet hits Crazy Yiuf but does no damage.
Crazy Yiuf is almost dead.
Crazy Yiuf hits you but does no damage.
Fire: 30 sling bullets
Press: ? - help, Q - select action, (/) - cycle Shift-Dir - straight line, f/p - Crazy Yiuf
Aim: Crazy Yiuf, wielding a +4 quarterstaff of chaos, wearing a +2 cloak and carrying a wand of digging (5) (severely wounded, 68% to hit)
You shoot a sling bullet. The sling bullet hits Crazy Yiuf.
Crazy Yiuf is almost dead.
Crazy Yiuf hits you with a +4 quarterstaff of chaos!
You die...

#.######...###....####
[.....##...# #...)#
#.##>.##...# #..PP#
#.##..##...# #..P##
#..#..##...# ##.##
##.#..###### #.##
##........># ##.#
......###### #.## ###
##..### ##@# #..
##..####### #g# #.#
..........## ...
######.# .#.........#
#...# #.......
....##....## #.()#
#.####.. .##........#
##### #####.# #..
..#.##.##### #...#.#
#.. ..#.##.# ##### ###
##....# ### .......#
#...# #.####..###


You could see Crazy Yiuf.

Vanquished Creatures
  An adder (D:2)
  3 oozes
  2 dart slugs (D:1)
  2 leopard geckos (D:1)
  3 giant cockroaches
  7 goblins
  2 hobgoblins
  A ball python (D:2)
  9 bats
  3 frilled lizards
  6 kobolds
  5 rats
44 creatures vanquished.

Vanquished Creatures (others)
  5 plants (D:1)
5 creatures vanquished.

Grand Total: 49 creatures vanquished

Notes
Turn   | Place    | Note
-------+----------+-------------------------------------------
     0 | D:1      | Amaterasu the Halfling Hunter began the quest for the Orb.
     0 | D:1      | Reached XP level 1. HP: 14/14 MP: 1/1
    40 | D:1      | Reached skill level 6 in Slings
    43 | D:1      | Reached XP level 2. HP: 19/19 MP: 2/2
   141 | D:1      | Reached skill level 7 in Slings
   141 | D:1      | Reached XP level 3. HP: 24/24 MP: 3/3
   954 | D:2      | Reached XP level 4. HP: 27/29 MP: 4/4
  1126 | D:2      | Reached skill level 8 in Slings
  1200 | D:2      | Found a runed translucent door.
  1201 | D:2      | Noticed Crazy Yiuf
  1692 | D:2      | Slain by Crazy Yiuf

Illustrated notes

Levels and vault maps discovered:
D:1:      dpeg_arrival_rooms_b, layout_rooms, grunt_decor_junction,
          kennysheep_boxes
D:2:      layout_loops_cross, uniq_crazy_yiuf_cottage

Skill      XL: |  1  2  3  4 |
---------------+-------------+-----
Slings         | 6 7 8 |  8.2
Fighting       | |  1.7
Dodging        | |  2.1
Stealth        | |  1.1

Action                   |  1- 3 |  4- 6 || total
-------------------------+-------+-------++-------
 Fire: Hunting sling     |    75 |    58 ||   133
  Use: Scroll            |     4 |       ||     4
Armor: Leather armour    |     9 |     7 ||    16
Dodge: Dodged            |    15 |    11 ||    26
